 Dungeon Crawl Stone Soup version 0.30-a0-465-g8901f6c8b5 (webtiles) character file.

Game seed: 15794057633477673046

35524 experimilk the Destroyer (level 13, -3/129 HPs)
             Began as a Pale Draconian Conjurer on Dec 19, 2022.
             Was an Elder of Vehumet.
             Slain by a death yak (9 damage)
             ... on level 5 of the Lair of Beasts.
             The game lasted 01:00:38 (21177 turns).

experimilk the Destroyer (Pale Draconian Conjurer) Turns: 21177, Time: 01:00:38

Health: -3/129     AC: 26    Str: 11    XL:     13   Next: 48%
Magic:  4/26       EV:  2    Int: 29    God:    Vehumet [****..]
Gold:   1588       SH:  0    Dex:  7    Spells: 2/30 levels left

rFire   + . .      SeeInvis .    D - +10 quarterstaff "Beastslayer" {freeze, rC+ Will+ Dex-2 Stlth+}
rCold   . . .      Faith    .    (shield currently unavailable)
rNeg    . . .      Spirit   .    (body armour unavailable)
rPois   +          Reflect  .    (helmet currently unavailable)
rElec   .          Harm     .    (cloak currently unavailable)
rCorr   .          Rampage  .    (gloves currently unavailable)
Will    +....      NoTele   +    (boots currently unavailable)
Stlth   ++........               (no amulet)
HPRegen 0.41/turn                N - ring of fire
MPRegen 0.20/turn                S - +6 ring of intelligence

@: mighty, tree-form
A: stationary, stasis, torment immunity, boosted hp, (breathe steam), AC +8,
unfitting armour, (cold-blooded), (steam resistance)
a: Renounce Religion


You were on level 5 of the Lair of Beasts.
You worshipped Vehumet.
Vehumet was greatly pleased with you.
You were a tree.
You visited 3 branches of the dungeon, and saw 14 of its levels.
You also visited: Sewer, Ossuary, Bailey and Volcano.

You collected 1588 gold pieces.

Inventory:

Hand Weapons
 a - the +11 war axe of Punishment {vorpal, rC++}
   (You took it off an orc on level 9 of the Dungeon)

   It inflicts extra damage upon your enemies.
   rC:        It greatly protects you from cold.
 w - a +3 spear of venom
 D - the +10 quarterstaff "Beastslayer" (weapon) {freeze, rC+ Will+ Dex-2 Stlth+}
   (You found it on level 5 of the Dungeon)

   It freezes those it strikes, dealing additional cold damage.
   It can also slow down cold-blooded creatures.
   Dex:       It affects your dexterity (-2).
   rC:        It protects you from cold.
   Will:      It increases your willpower.
   Stlth:     It makes you more stealthy.
 X - a +0 demon whip of venom
Missiles
 n - 2 throwing nets
Armour
 r - a +1 cloak (melded)
 A - a +1 pair of gloves (melded)
 O - a +2 hat (melded)
Magical Staves
 e - a staff of death
Jewellery
 b - a +6 ring of dexterity
 p - a +6 ring of strength
 F - the ring "Zamif" {Wiz rN+}
   (You found it on level 5 of the Dungeon)

   [ring of wizardry]

   It improves your spell success rate.
   rN:        It protects you from negative energy.
 L - a ring of resist corrosion
 N - a ring of fire (left branch)
 S - a +6 ring of intelligence (right branch)
 T - a ring of positive energy
 U - a +4 ring of evasion
 V - a +4 ring of protection
Wands
 q - a wand of paralysis (20)
 x - a wand of polymorph (3)
 E - a wand of mindburst (11)
 H - a wand of digging (4)
 P - a wand of flame (31)
 Q - a wand of quicksilver (1)
 W - a wand of roots (3)
Scrolls
 d - 3 scrolls of teleportation
 f - a scroll of amnesia
 j - a scroll of torment
 o - 4 scrolls of silence
 s - a scroll of enchant weapon
 u - a scroll of fear
 y - a scroll of butterflies
 B - 2 scrolls of poison
 C - a scroll of immolation
 I - a scroll of magic mapping
 M - a scroll of vulnerability {unknown}
 R - 3 scrolls of fog
 Z - a scroll of identify
Potions
 c - 5 potions of lignification
 g - 3 potions of haste
 h - 4 potions of flight
 i - a potion of brilliance
 k - 8 potions of curing
 l - a potion of berserk rage {unknown}
 m - 2 potions of might
 t - 5 potions of heal wounds
 v - 5 potions of mutation
 z - 2 potions of invisibility
 G - a potion of cancellation
 J - 2 potions of attraction
 K - a potion of resistance {unknown}
Miscellaneous
 Y - a lightning rod (inert)


   Skills:
 - Level 1.7 Dodging
 - Level 1.7 Stealth
 - Level 9.0 Spellcasting
 * Level 14.4 Conjurations
 - Level 8.0 Fire Magic
 - Level 9.0 Air Magic
 - Level 12.0 Poison Magic
 - Level 3.0 Evocations


You had 2 spell levels left.
You knew the following spells:

 Your Spells              Type           Power      Damage    Failure   Level
a - Poisonous Vapours     Pois/Air       100%       N/A       1%          2
b - Magic Dart            Conj           100%       1d8       0%          1
c - Sticky Flame          Conj/Fire      87%        2d10      1%          4
d - Alistair's Intoxicat  Tmut/Pois      31%        N/A       10%         5
p - Foxfire               Conj/Fire      100%       2x1d9     1%          1
s - Olgreb's Toxic Radia  Pois           70%        N/A       1%          4
x - Starburst             Conj/Fire      43%        6d12      1%          6
z - Lightning Bolt        Conj/Air       34%        1d52      1%          5

Your spell library contained the following spells:

 Spells                   Type           Power      Damage    Failure   Level
 Freezing Cloud           Conj/Ice/Air   27%        6-21      1%          5
 Searing Ray              Conj           100%       2d8       0%          2
 Sting                    Tmut/Pois      100%       1d8       1%          1
 Cigotuvi's Dreadful Rot  Necr/Pois/Air  100%       N/A       1%          2
 Dazzling Flash           Conj/Hex       100%       N/A       1%          3
 Spider Form              Tmut/Pois      47%        N/A       1%          3
 Fulminant Prism          Conj/Hex       26%        3d14      1%          4
 Iskenderun's Mystic Bla  Conj/Tloc      53%        2d11      1%          4
 Iron Shot                Conj/Erth      26%        9d6       9%          6
 Tukima's Dance           Hex            13%        N/A       12%         3
 Silence                  Hex/Air        19%        N/A       19%         5
 Dispel Undead            Necr           13%        3d9       38%         4
 Summon Ice Beast         Ice/Summ       13%        N/A       38%         4
 Spellforged Servitor     Conj/Summ      26%        N/A       41%         7
 Agony                    Necr           13%        N/A       75%         5
 Blade Hands              Tmut           6%         N/A       75%         5
 Summon Mana Viper        Hex/Summ       13%        N/A       75%         5
 Death Channel            Necr           6%         N/A       99%         6
 Monstrous Menagerie      Summ           6%         N/A       100%        7
 Animate Armour           Summ/Erth      Unusable   N/A       N/A         4

Dungeon Overview and Level Annotations

Branches:
Dungeon (9/15)             Temple (1/1) D:6            Lair (5/5) D:9
 Spider (0/4) Lair:2          Orc (0/2) D:9           Sewer (visited)
Ossuary (visited)          Bailey (visited)         Volcano (visited)
  Swamp: Lair:2-3    Shoals: Lair:2-3     Slime: Lair:4-5

Altars:
Ashenzari
Cheibriados
Dithmenos
Elyvilon
Fedhas
Gozag
Hepliaklqana
Makhleb
Nemelex Xobeh
Qazlal
Ru
Sif Muna
Trog
Uskayaw
Vehumet
Wu Jian
Xom
Yredelemnul
Zin
The Shining One

Annotations:
Temple 2 transporters


Innate Abilities, Weirdness & Mutations

You are a tree.
Your roots penetrate the ground, keeping you stationary.
You cannot be teleported.
You are immune to unholy pain and torment.
Your maximum health is greatly increased.
Your equipment is partially melded.
((You can breathe blasts of scalding, opaque steam.))
((Your pale cyan-grey scales are hard. (AC +8)))
You cannot fit into any form of body armour.
((You are cold-blooded and may be slowed by cold attacks.))
((You are immune to the effects of steam.))


Message History

You barely miss the cane toad.
The cane toad is almost dead.
The cane toad stings you but does no damage.
The death yak gores you!
The cane toad stings you but does no damage.
The death yak gores you but does no damage.
The death yak gores you!
You feel much better. The cane toad stings you. The cane toad stings you!
You are poisoned.
The cane toad poisons you!
The death yak gores you but does no damage. x2
You feel very mighty all of a sudden.
You feel very sick.
You kill the death yak!
Vehumet accepts your kill.
The bullfrog hits you but does no damage.
The cane toad barely misses you. The cane toad stings you.
The bullfrog hits you but does no damage.
The death yak gores you but does no damage.
You barely miss the cane toad.
The cane toad is almost dead.
You feel very sick.
The death yak looks more healthy.
The cane toad stings you but does no damage.
The bullfrog hits you.
The cane toad stings you but does no damage.
The cane toad stings you!
* * * LOW HITPOINT WARNING * * *
The basilisk bites you!
* * * LOW HITPOINT WARNING * * *
The death yak gores you!
* * * LOW HITPOINT WARNING * * *
The bullfrog hits you but does no damage.
You feel better.
The cane toad stings you but does no damage.
The cane toad stings you!
* * * LOW HITPOINT WARNING * * *
The bullfrog hits you but does no damage.
The death yak gores you!
You die...

#.... ..
#..P# #!.
#...P#...
#........
##..#..#..
#...†.....
#.lY..#
###♣F##
#.†FF.#..
##..†......
##.†......#..
##†...††.†##
#...P###.[..
#...P# ...#P
P....## ..##
##..#..# .#


You could see a death yak, 2 cane toads, a basilisk and a bullfrog.

Vanquished Creatures
  Gastronok (Lair:3)
  An orc warlord (Bailey)
  A red draconian (Volcano)
  A hydra (Lair:2)
  An ogre mage (Volcano)
  5 two-headed ogres
  2 death yaks (Lair:5)
  Amaemon (Lair:2)
  A lindwurm (Lair:1)
  An orc knight (Bailey)
  4 elephants (Lair:1)
  A black mamba (Lair:5)
  A molten gargoyle (Volcano)
  5 komodo dragons
  An orange demon (Lair:2)
  11 cane toads
  A gargoyle (Volcano)
  2 rime drakes
  2 trolls (D:9)
  A hornet (D:8)
  10 blink frogs
  4 dream sheep (Lair:3)
  A spriggan (D:7)
  A wraith (D:8)
  5 basilisks
  A wyvern (Lair:5)
  6 fire bats (Volcano)
  14 yaks
  A vampire mosquito (Lair:5)
  2 redbacks (Lair:2)
  Edmund (D:5)
  4 steam dragons
  An acid dragon (D:9)
  8 water moccasins
  A sky beast (D:7)
  6 orc warriors
  An ice beast (D:6)
  2 black bears
  3 centaurs
  A phantom (D:6)
  2 kobold brigands (Sewer)
  11 bullfrogs
  A necrophage (D:2)
  4 gnoll sergeants
  2 scorpions
  2 wights
  An electric eel (Lair:3)
  2 howler monkeys (D:9)
  4 lava snakes (Volcano)
  2 hounds
  2 gnoll boudas
  5 orc priests
  2 jellies (D:6)
  2 iguanas
  7 orc wizards
  3 mummies (Ossuary)
  26 gnolls
  8 adders
  5 river rats
  2 white imps (D:7)
  An ufetubus (D:4)
  5 adder zombies (Ossuary)
  4 worms
  7 dart slugs
  50 orcs
  8 ball pythons
  5 endoplasms
  3 giant cockroaches
  8 hobgoblins
  4 jackals
  11 kobolds
  2 quokkas
  5 bats
  4 frilled lizards
  17 goblins
  A goblin zombie (Ossuary)
  3 hobgoblin zombies (Ossuary)
  2 kobold zombies (Ossuary)
  7 quokka zombies (Ossuary)
  10 rats
367 creatures vanquished.

Vanquished Creatures (others)
  A lindwurm (Lair:1)
  103 foxfires
  30 fungi
  93 plants
227 creatures vanquished.

Grand Total: 594 creatures vanquished

Notes
Turn   | Place    | Note
-------+----------+-------------------------------------------
     0 | D:1      | experimilk the Draconian Conjurer began the quest for the
                  | Orb.
     0 | D:1      | Reached XP level 1. HP: 14/14 MP: 3/3
   340 | D:1      | Reached XP level 2. HP: 20/20 MP: 1/5
   343 | D:1      | Learned a level 2 spell: Searing Ray
  1521 | D:2      | Reached XP level 3. HP: 23/26 MP: 0/6
  1870 | D:2      | Reached skill level 5 in Conjurations
  1938 | D:2      | Reached XP level 4. HP: 33/33 MP: 4/8
  2108 | D:2      | Identified the +0 ring mail of Responsibility {rPois rC++}
  2406 | D:2      | Found a faded altar of an unknown god.
  2722 | D:2      | Noticed a necrophage
  2731 | D:2      | Killed a necrophage
  2732 | D:2      | Reached skill level 6 in Conjurations
  2732 | D:2      | Reached XP level 5. HP: 35/38 MP: 6/9
  3964 | D:4      | Reached XP level 6. HP: 38/45 MP: 1/11
  4861 | D:4      | Reached skill level 7 in Conjurations
  5673 | D:5      | Entered Level 5 of the Dungeon
  5719 | D:5      | Your scales start taking on a pale cyan-grey colour.
  5719 | D:5      | Reached XP level 7. HP: 50/50 MP: 0/13
  5719 | D:5      | Gained mutation: You are immune to the effects of steam.
                  | [Pale Draconian growth]
  5940 | D:5      | Found a glowing drain.
  5952 | Sewer    | Entered a sewer
  6026 | Sewer    | Learned a level 2 spell: Poisonous Vapours
  6086 | Sewer    | Reached skill level 8 in Conjurations
  6094 | Sewer    | Reached skill level 1 in Poison Magic
  6197 | Sewer    | Found a white marble altar of Elyvilon.
  6306 | D:5      | Identified the +10 quarterstaff "Beastslayer" {freeze, rC+
                  | Will+ Dex-2 Stlth+}
  6454 | D:5      | Noticed Edmund
  6471 | D:5      | Killed Edmund
  6535 | D:5      | Identified the ring "Zamif" {Wiz rN+}
  6572 | D:5      | Learned a level 4 spell: Olgreb's Toxic Radiance
  6841 | D:5      | Found a burning altar of Makhleb.
  6844 | D:5      | Found a blossoming altar of Fedhas.
  6847 | D:5      | Found a white marble altar of Elyvilon.
  6971 | D:6      | Reached XP level 8. HP: 57/57 MP: 1/15
  7084 | D:6      | Reached skill level 5 in Spellcasting
  7234 | D:6      | Found a sand-covered staircase.
  7239 | Ossuary  | Entered an ossuary
  7249 | Ossuary  | Reached skill level 9 in Conjurations
  7402 | Ossuary  | Learned a level 4 spell: Iskenderun's Mystic Blast
  8299 | D:6      | Found an opulent altar of Gozag.
  8834 | D:6      | Found a staircase to the Ecumenical Temple.
  8846 | Temple   | Entered the Ecumenical Temple
  8846 | Temple   | Found a transporter.
  8846 | Temple   | Found a transporter.
  8848 | Temple   | Found a transporter.
  8848 | Temple   | Found a transporter.
  8860 | Temple   | Became a worshipper of Vehumet
 10094 | D:7      | Reached XP level 9. HP: 62/62 MP: 7/18
 10421 | D:7      | Reached skill level 5 in Poison Magic
 10637 | D:7      | Reached skill level 10 in Conjurations
 11175 | D:7      | Identified 2 scrolls of acquirement
 11175 | D:7      | Acquired 615 gold pieces
 11177 | D:7      | Acquired the Compilation of the Barrage
 11185 | D:7      | Learned a level 5 spell: Lightning Bolt
 11221 | D:8      | Reached skill level 1 in Air Magic
 11918 | D:8      | Reached * piety under Vehumet
 11918 | D:8      | Offered knowledge of Foxfire by Vehumet.
 11919 | D:8      | Reached skill level 11 in Conjurations
 11924 | D:8      | Learned a level 1 spell: Foxfire
 12128 | D:8      | Found an ornate altar of the Wu Jian Council.
 12149 | D:8      | Reached XP level 10. HP: 60/69 MP: 4/19
 12508 | D:9      | Found a flagged portal.
 12516 | Bailey   | Entered a bailey
 12824 | Bailey   | Noticed an orc warlord
 12863 | Bailey   | Noticed an orc knight
 12881 | Bailey   | Killed an orc knight
 13047 | Bailey   | Found a runed translucent gate.
 13047 | Bailey   | Found a runed translucent gate.
 13056 | Bailey   | Found a runed translucent gate.
 13358 | Bailey   | Killed an orc warlord
 13359 | Bailey   | Reached skill level 5 in Air Magic
 13584 | Bailey   | Got Sif Muna's Catalogue of the Fey Figure
 13592 | Bailey   | Identified the +3 quarterstaff of Duegoe {pain, Str+4}
 13595 | Bailey   | Reached skill level 12 in Conjurations
 13595 | Bailey   | Reached XP level 11. HP: 74/74 MP: 20/20
 13766 | D:9      | Found a staircase to the Lair.
 13851 | D:9      | Offered knowledge of Static Discharge by Vehumet.
 13857 | D:9      | Reached ** piety under Vehumet
 14379 | D:9      | Identified the +11 war axe of Punishment {vorpal, rC++}
 14386 | D:9      | Noticed a two-headed ogre
 14666 | D:9      | Killed a two-headed ogre
 15054 | D:9      | Offered knowledge of Momentum Strike by Vehumet.
 15072 | D:9      | Found a staircase to the Orcish Mines.
 15080 | D:9      | Reached *** piety under Vehumet
 15700 | Lair:1   | Entered Level 1 of the Lair of Beasts
 16647 | Lair:1   | Reached XP level 12. HP: 81/81 MP: 6/23
 17161 | Lair:1   | Reached skill level 10 in Poison Magic
 17394 | Lair:1   | Learned a level 5 spell: Alistair's Intoxication
 17641 | Lair:1   | Learned a level 6 spell: Starburst
 17776 | Lair:2   | Found a hole to the Spider Nest.
 17859 | Lair:2   | Noticed an eight-headed hydra
 18440 | Lair:2   | Noticed Amaemon
 18821 | Lair:2   | Killed Amaemon
 18823 | Lair:2   | Offered knowledge of Sticky Flame by Vehumet.
 18987 | Lair:2   | Killed an eight-headed hydra
 19378 | Lair:3   | Reached skill level 1 in Evocations
 19513 | Lair:3   | Found a dark tunnel.
 19526 | Volcano  | Entered a volcano
 19688 | Volcano  | Reached **** piety under Vehumet
 19695 | Volcano  | Noticed a two-headed ogre
 19726 | Volcano  | Killed a two-headed ogre
 19771 | Volcano  | Learned a level 4 spell: Sticky Flame
 19848 | Volcano  | Found a bloodstained altar of Trog.
 19848 | Volcano  | Noticed a two-headed ogre
 19848 | Volcano  | Noticed a two-headed ogre
 19848 | Volcano  | Noticed an ogre mage
 19850 | Volcano  | Killed a two-headed ogre
 19853 | Volcano  | Killed a two-headed ogre
 19855 | Volcano  | Killed an ogre mage
 19856 | Volcano  | Reached XP level 13. HP: 36/86 MP: 18/25
 20134 | Volcano  | Noticed a red draconian
 20369 | Volcano  | Killed a red draconian
 20370 | Volcano  | Reached skill level 13 in Conjurations
 20716 | Lair:3   | Noticed Gastronok
 20727 | Lair:3   | Killed Gastronok
 20823 | Lair:3   | Offered knowledge of Freezing Cloud by Vehumet.
 21133 | Lair:3   | You fall into a shaft and drop 2 floors!
 21133 | Lair:5   | Entered Level 5 of the Lair of Beasts
 21161 | Lair:5   | Reached skill level 14 in Conjurations
 21177 | Lair:5   | HP: 6/129 [cane toad (15)]
 21177 | Lair:5   | Slain by a death yak

Illustrated notes

Levels and vault maps discovered:
D:1:      onia_arrival_pyramid, layout_basic
D:2:      layout_basic, ebering_ecumenical_altar_abandoned,
          minmay_misc_feat_iff, grunt_ministairs_6,
          amcnicky_mini_rare_corridor_liquid
D:3:      layout_loops_cross
D:4:      black_bear_nest_1, layout_layer_cave
D:5:      layout_cave_pools, grunt_temple_overflow_diamond,
          serial_co_window_serial, co_window_cross_1, co_window_corner_a,
          co_window_corner_a, co_window_paths_a, co_window_corner_a,
          co_window_paths_a, co_window_of_opportunity_a, co_window_corner_b,
          co_window_unsneaky_path_b, co_window_2corner,
          co_window_of_opportunity_b, co_window_corner_b, glass_columns_b,
          glass_columns_b, glass_columns_a, glass_columns_c,
          lightli_sewer_entry_pipes, dreamdust_princess_corridor, uniq_edmund
D:6:      layout_layer_cave, lemuel_doored_altar, minmay_temple_entry_statues,
          enter_ossuary_2
D:7:      layout_basic, the_hattery
D:8:      layout_loops_ring, mainiacjoe_overflow_alcove_4, minmay_crystal_water,
          small_statue_intersection
D:9:      nicolae_cairo_tiling, layout_basic, dpeg_oklobed_lair,
          hiddenorc2_lemuel, enter_bailey_5, skrybe_limestone_x,
          minmay_alternating_orb
Temple:   hellmonk_temple_divided_pantheon
Lair:1:   layout_layer_cave, gauntlet_entry_generic, nicolae_lair_lindhole,
          serial_bayou_shore_a
Lair:2:   layout_hall_layers, spider_nest_entry_a,
          chequers_serial_rivers_micro_c, uniq_amaemon
Lair:3:   layout_regular_city, swamp_mist_pool, nicolae_volcano_entry_lava_flow,
          uniq_gastronok
Lair:5:   minmay_lair_end_frog_pond, layout_loops_ring, slime_entry_2,
          uniq_sonja

Skill      XL: |  1  2  3  4  5  6  7  8  9 10 11 12 13 |
---------------+----------------------------------------+-----
Conjurations   | 5 6 7 8 9 11 12 14 | 14.4
Spellcasting   | 3 4 6 7 8 9 |  9.0
Poison Magic   | 2 4 6 8 9 11 12 | 12.0
Air Magic      | 3 6 7 9 |  9.0
Fire Magic     | 6 8 |  8.0
Evocations     | 3 |  3.0
Dodging        | |  1.7
Stealth        | |  1.7

Action                   |  1- 3 |  4- 6 |  7- 9 | 10-12 | 13-15 || total
-------------------------+-------+-------+-------+-------+-------++-------
Melee: Staff             |     8 |       |       |       |       ||     8
       Tailslap          |     4 |     1 |     8 |    15 |     3 ||    31
       Spear             |       |     7 |    24 |       |       ||    31
       Quarterstaff      |       |       |    37 |   104 |    32 ||   173
 Cast: Magic Dart        |    50 |    74 |    88 |       |       ||   212
       Searing Ray       |    10 |    31 |    36 |     1 |       ||    78
       Poisonous Vapours |       |       |    12 |    61 |     6 ||    79
       Olgreb's Toxic Ra |       |       |    11 |    24 |     7 ||    42
       Iskenderun's Myst |       |       |     2 |    11 |       ||    13
       Lightning Bolt    |       |       |     9 |    63 |    12 ||    84
       Foxfire           |       |       |       |    63 |       ||    63
       Starburst         |       |       |       |    16 |    12 ||    28
       Sticky Flame      |       |       |       |       |     2 ||     2
       Alistair's Intoxi |       |       |       |       |     1 ||     1
 Abil: Breathe Steam     |       |       |     5 |    15 |     2 ||    22
Evoke: Wand              |       |       |     1 |     8 |     2 ||    11
       Lightning rod     |       |       |       |       |     4 ||     4
  Use: Potion            |       |     1 |     1 |     8 |     8 ||    18
       Scroll            |       |     4 |     9 |    13 |     4 ||    30
 Stab: Paralysed         |       |       |     1 |       |       ||     1
       Confused          |       |       |       |       |     1 ||     1
Armor: Skin              |     2 |     3 |    43 |    54 |    34 ||   136
Dodge: Dodged            |    21 |    10 |    66 |    80 |    18 ||   195

Table legend: (Time is in decaauts)
 A = Elapsed time spent in this place.
 B = Non-inter-level travel time spent in this place.
 C = Inter-level travel time spent in this place.
 D = Time resting spent in this place.
 E = Time spent auto-exploring this place.
 F = Levels seen in this place.
 G = Mean time per level.
                   A        B        C        D        E       F      G
               +--------+--------+--------+--------+--------+-----+--------+
         Total |  21280 |  20860 |    420 |   6039 |  12280 |  18 | 1182.2 |
       Dungeon |  13389 |  13041 |    348 |   2277 |   9353 |   9 | 1487.7 |
        Temple |     30 |     21 |      9 |      0 |      2 |   1 |   30.0 |
          Lair |   4473 |   4410 |     63 |   1803 |   2145 |   4 | 1118.2 |
         Sewer |    308 |    308 |      0 |    151 |    114 |   1 |  308.0 |
       Ossuary |    970 |    970 |      0 |    447 |    403 |   1 |  970.0 |
        Bailey |   1091 |   1091 |      0 |    755 |     22 |   1 | 1091.0 |
       Volcano |   1015 |   1015 |      0 |    606 |    241 |   1 | 1015.0 |
               +--------+--------+--------+--------+--------+-----+--------+

Top non-repeatable levels by time:
     D:9: 2124 daAuts
  Lair:1: 2054 daAuts
     D:7: 1990 daAuts
     D:4: 1865 daAuts
  Lair:2: 1582 daAuts
     D:6: 1502 daAuts
     D:2: 1466 daAuts
     D:1: 1415 daAuts
     D:5: 1138 daAuts
  Bailey: 1091 daAuts
 Volcano: 1015 daAuts
 Ossuary: 970 daAuts
     D:8: 960 daAuts
     D:3: 925 daAuts
  Lair:3: 789 daAuts
